 Dungeon Crawl Stone Soup version 0.24.0-123-gd5b16e6ec5 (webtiles) character file.

Game seed: 5900682585164254185, levelgen mode: deterministic

99 Martska the Charmwright (level 5, -1/40 HPs)
             Began as a Human Skald on Feb 10, 2020.
             Killed from afar by an orc wizard (9 damage)
             ... with a puff of flame
             ... on level 5 of the Dungeon.
             The game lasted 00:06:07 (2862 turns).

Martska the Charmwright (Human Skald)               Turns: 2862, Time: 00:06:08

Health: -1/40      AC:  3    Str: 13    XL:     5   Next: 2%
Magic:  4/8        EV: 12    Int: 13    God:
Gold:   106        SH:  0    Dex: 12    Spells: 2/8 levels left

rFire    . . .     SeeInvis .   a - +0 falchion
rCold    . . .     Gourm    .   (no shield)
rNeg     . . .     Faith    .   b - +0 leather armour
rPois    .         Spirit   .   (no helmet)
rElec    .         Reflect  .   (no cloak)
rCorr    .         Harm     .   (no gloves)
MR       .....                  (no boots)
Stlth    +.........             (no amulet)
HPRegen  0.13/turn              (no ring)
MPRegen  0.11/turn              (no ring)

@: no status effects
A: no striking features
a: no special abilities


You were on level 5 of the Dungeon.
You were not hungry.

You visited 1 branch of the dungeon, and saw 5 of its levels.

You collected 106 gold pieces.

Inventory:

Hand Weapons
 a - a +0 falchion (weapon)
Missiles
 k - 54 stones (quivered)
Armour
 b - a +0 leather armour (worn)
Scrolls
 c - 2 scrolls of enchant armour {unknown}
 f - 2 scrolls of magic mapping {unknown}
 h - 4 scrolls of teleportation {unknown}
 i - 6 scrolls of identify {unknown}
 l - 2 scrolls of remove curse {unknown}
 n - a scroll of noise {unknown}
Potions
 e - a potion of flight {unknown}
 g - a potion of haste {unknown}
 j - a potion of brilliance {unknown}
 m - a potion of lignification {unknown}
 o - a potion of cancellation {unknown}
Comestibles
 d - 3 rations


   Skills:
 * Level 2.9 Fighting
 * Level 3.0 Long Blades
 + Level 1.7 Armour
 + Level 2.3 Dodging
 + Level 2.2 Spellcasting
 + Level 3.3 Charms
 + Level 0.5 Translocations


You had 2 spell levels left.
You knew the following spells:

 Your Spells              Type           Power        Failure   Level  Hunger
a - Infusion              Chrm           ##..         9%          1    ##.....
b - Shroud of Golubria    Chrm/Tloc      #.....       22%         2    ###....
c - Regeneration          Chrm/Necr      #.........   43%         3    ####...

Your spell library contained the following spells:

 Spells                   Type           Power        Failure   Level  Hunger
 Song of Slaying          Chrm           ##......     12%         2    ###....
 Spectral Weapon          Hex/Chrm       #.......     43%         3    ####...


Dungeon Overview and Level Annotations

Branches:
Dungeon (5/15)             Temple (0/1) D:4

Altars:
Okawaru
Uskayaw

Annotations:
D:3 Sigmund


Message History

The orc wizard hits you but does no damage.
You hit the orc wizard.
The orc wizard is heavily wounded.
The orc wizard hits you with a +0 dagger.
You hit the orc wizard.
The orc wizard is severely wounded.
The orc wizard casts a spell at you. The puff of frost hits you!
You closely miss the orc wizard.
The orc wizard is severely wounded.
The orc wizard points at you and mumbles some strange words.
The puff of flame hits you.
The orc wizard gestures at you while chanting.
The magic dart hits you!
* * * LOW HITPOINT WARNING * * *
There are monsters nearby!
You are no longer magically infusing your attacks.
The orc wizard gestures at you while chanting.
The puff of flame hits you!
You die...

#.....# ..#..# #.#..#
#.#..### ......
######...####.#
......o.......#
##################...#####
#...........@.o.ooo........
#.#################..######
#.# #<# ##.# #.####.### .#
#........# .# #..###.#.# .#
#......#.# .# #.###### #
...


You could see 2 orc wizards and 2 orcs.

Vanquished Creatures
  3 adders (D:2)
  2 oozes (D:1)
  A worm (D:2)
  2 dart slugs
  An orc (D:3)
  4 bats
  3 giant cockroaches
  4 goblins
  8 hobgoblins
  5 jackals (D:1)
  2 quokkas
  A ball python (D:2)
  8 frilled lizards
  6 kobolds
  4 rats
54 creatures vanquished.

Notes
Turn   | Place    | Note
-------+----------+-------------------------------------------
     0 | D:1      | Martska the Human Skald began the quest for the Orb.
     0 | D:1      | Reached XP level 1. HP: 16/16 MP: 3/3
    40 | D:1      | Reached XP level 2. HP: 22/22 MP: 0/5
   173 | D:1      | Reached XP level 3. HP: 26/28 MP: 6/6
   510 | D:1      | Found an iron altar of Okawaru.
  1190 | D:1      | Learned a level 2 spell: Shroud of Golubria
  1194 | D:1      | Learned a level 3 spell: Regeneration
  1201 | D:2      | Reached XP level 4. HP: 18/34 MP: 7/7
  2443 | D:3      | Reached XP level 5. HP: 37/40 MP: 6/8
  2588 | D:3      | Found a hide-covered altar of Uskayaw.
  2590 | D:3      | Noticed Sigmund
  2767 | D:4      | Found a staircase to the Ecumenical Temple.
  2771 | D:4      | Noticed an orc warrior
  2789 | D:5      | Entered Level 5 of the Dungeon
  2862 | D:5      | Killed from afar by an orc wizard

Levels and vault maps discovered:
D:1:      psy_arrival_whirlpool, layout_basic, okawaru_ov_weapons_minmay
D:2:      layout_rooms, first_ration, kennysheep_cluttered_room, minmay_tripent
D:3:      layout_basic, lemuel_doored_altar, palyth_stone_intersect,
          chequers_serial_rivers_micro_b, uniq_sigmund
D:4:      minmay_chambers_of_fours, layout_loops_cross,
          grunt_temple_overflow_open, minmay_temple_entry_mini_moons
D:5:      layout_basic, nicolae_overflow_hidden_temple

Skill      XL: |  1  2  3  4 |
---------------+-------------+-----
Long Blades    | 3 |  3.0
Fighting       | |  2.9
Armour         | |  1.7
Dodging        | |  2.3
Spellcasting   | |  2.2
Charms         | |  3.3
Translocations | |  0.5

Action                   |  1- 3 |  4- 6 || total
-------------------------+-------+-------++-------
Melee: Falchion          |    74 |    67 ||   141
 Cast: Infusion          |     3 |     5 ||     8
       Regeneration      |       |     1 ||     1
  Eat: Ration            |     1 |     1 ||     2
       Chunk             |       |     2 ||     2
Armor: Leather armour    |    22 |    18 ||    40
Dodge: Dodged            |    56 |    47 ||   103
       Rpst.: Falchion   |    21 |    12 ||    33
